 Dungeon Crawl Stone Soup version 0.27.1-3-gb3d3a73c9e (webtiles) character file.

Game seed: 1738975395611547469

417 pkoi the Ruffian (level 6, -4/59 HPs)
             Began as a Troll Fighter on Oct 19, 2021.
             Succumbed to Dowan's poison
             ... on level 4 of the Dungeon.
             The game lasted 00:03:50 (2278 turns).

pkoi the Ruffian (Troll Fighter)                    Turns: 2278, Time: 00:03:51

Health: -4/59      AC:  6    Str: 27    XL:     6   Next: 61%
Magic:  5/5        EV:  8    Int:  4    God:
Gold:   190        SH:  9    Dex:  9    Spells: 5/5 levels left

rFire    . . .     SeeInvis .     - Unarmed
rCold    . . .     Faith    .   b - +0 kite shield
rNeg     . . .     Spirit   .   k - +2 robe {Archmagi}
rPois    .         Reflect  .   (helmet restricted)
rElec    .         Harm     .   (no cloak)
rCorr    .         Rampage  .   (gloves unavailable)
Will     .....     Archmagi +   (boots unavailable)
Stlth    +.........             (no amulet)
HPRegen  1.19/turn              (no ring)
MPRegen  0.09/turn              (no ring)

@: lethally poisoned (-4 -> -27)
A: large, unfitting armour, claws 3, regeneration 1, shaggy fur 1, tough skin 1
a: no special abilities


You were on level 4 of the Dungeon.
You visited 1 branch of the dungeon, and saw 4 of its levels.

You collected 190 gold pieces.

Inventory:

Armour
 a - a +0 robe
 b - a +0 kite shield (worn)
 k - a +2 robe of the Archmagi (worn)
Wands
 g - a wand of polymorph (7)
 h - a wand of iceblast (6)
Scrolls
 e - a scroll of identify
 f - a scroll of fear {unknown}
 m - a scroll of enchant armour {unknown}
Potions
 c - a potion of might
 d - a potion of magic
 i - a potion of haste
 j - a potion of curing {unknown}
 l - a potion of degeneration {unknown}
 n - a potion of heal wounds {unknown}


   Skills:
 - Level 2.4 Fighting
 - Level 2.4 Dodging
 + Level 4.0 Shields
 * Level 6.0 Unarmed Combat


You had 5 spell levels left.
You didn't know any spells.
Your spell library contained the following spells:

 Spells                   Type           Power      Damage    Failure   Level
 Animate Skeleton         Necr           0%         N/A       86%         1
 Pain                     Necr           0%         1d4       86%         1
 Vampiric Draining        Necr           0%         2d6       99%         3


Dungeon Overview and Level Annotations

Branches:
Dungeon (4/15)
 Temple: D:4-7

Altars:
Sif Muna

Annotations:
D:4 1 transporter, Dowan


Innate Abilities, Weirdness & Mutations

You are too large for most types of armour.
You have claws for hands.
Your natural rate of healing is unusually fast.
You are covered in fur. (AC +1)
You have tough skin. (AC +1)


Message History

You block Duvessa's attack.
You barely miss Duvessa.
Duvessa is almost dead.
You block Duvessa's attack.
You closely miss Duvessa.
Duvessa is almost dead.
Duvessa closely misses you.
You scratch Duvessa.
You kill Duvessa!
Dowan screams, "No!
No!"
Dowan seems to find hidden reserves of power!
Dowan hits you with a +6 dagger of venom.
Your Shields skill increases to level 4!
Your Unarmed Combat skill increases to level 6!
You closely miss Dowan.
Dowan hits you with a +6 dagger of venom.
You are poisoned.
You block Dowan's attack.
You scratch Dowan but do no damage.
You feel very sick.
Dowan hits you with a +6 dagger of venom.
You are more poisoned.
You miss Dowan.
You feel very sick.
Dowan hits you with a +6 dagger of venom.
* * * LOW HITPOINT WARNING * * *
You are more poisoned.
Dowan says, "Magic will overcome all!"
Dowan hits you with a +6 dagger of venom!
* * * LOW HITPOINT WARNING * * *
You are more poisoned.
You completely miss Dowan.
* * * LOW HITPOINT WARNING * * *
You feel extremely sick.
Dowan hits you with a +6 dagger of venom.
* * * LOW HITPOINT WARNING * * *
You are more poisoned.
You scratch Dowan.
Dowan is moderately wounded.
You die...

....≈.#...#§≈§######.##
....≈.#.###.§.... .....
...≈.......§.######...
#..≈§≈≈§≈§≈....#.....
#.........§§##.#.##..
####...##....#.#....#
#..###.#§...#.#### #.##
#.#..#......# #@#
#.#..#.####.# ###e#
#.#..#.# .
+...####.#....# .#
###>........... ..
#.####.#.#### . #
#............
#.....e.?....
#...###...... #...+
.....


You could see Dowan (fast).

Vanquished Creatures
  Duvessa (D:4)
  A necrophage (D:4)
  A scorpion (D:4)
  A jelly (D:4)
  A hound skeleton (D:4)
  3 gnolls (D:2)
  3 adders
  2 adder skeletons (D:4)
  5 dart slugs
  An orc (D:4)
  5 endoplasms
  2 giant cockroaches
  7 goblins
  4 hobgoblins
  5 jackals
  5 quokkas
  5 ball pythons
  2 bats
  3 frilled lizards (D:2)
  4 kobolds
  5 rats
66 creatures vanquished.

Notes
Turn   | Place    | Note
-------+----------+-------------------------------------------
     0 | D:1      | pkoi the Troll Fighter began the quest for the Orb.
     0 | D:1      | Reached XP level 1. HP: 22/22 MP: 0/0
   309 | D:1      | Reached XP level 2. HP: 29/29 MP: 1/1
   511 | D:1      | Reached skill level 3 in Unarmed Combat
   533 | D:1      | Found a faded altar of an unknown god.
   739 | D:2      | Reached XP level 3. HP: 36/36 MP: 2/2
   952 | D:2      | Reached XP level 4. HP: 29/44 MP: 3/3
  1480 | D:3      | Reached skill level 4 in Unarmed Combat
  1530 | D:3      | You fall into a shaft and drop 1 floor!
  1610 | D:3      | Reached XP level 5. HP: 50/50 MP: 4/4
  2015 | D:4      | Reached skill level 5 in Unarmed Combat
  2048 | D:4      | Found a transporter.
  2204 | D:4      | Noticed a necrophage
  2209 | D:4      | Killed a necrophage
  2210 | D:4      | Reached XP level 6. HP: 58/59 MP: 5/5
  2221 | D:4      | Found a shimmering blue altar of Sif Muna.
  2246 | D:4      | Noticed Duvessa
  2247 | D:4      | Noticed Dowan
  2273 | D:4      | Killed Duvessa
  2274 | D:4      | Reached skill level 6 in Unarmed Combat
  2278 | D:4      | Succumbed to Dowan's poison

Illustrated notes

Levels and vault maps discovered:
D:1:      dpeg_arrival_castle, layout_loops_ring, ebering_ecumenical_altar_rust
D:2:      layout_loops_cross
D:3:      layout_rooms, hangedman_decor_points, bh_walls_and_bars
D:4:      gammafunk_steamed_eel, layout_basic, amcnicky_altar_gilded,
          mainiacjoe_overflow_brackets, marbit_many_paths, serial_shops,
          kennysheep_mini_moat, uniq_duvessa

Skill      XL: |  1  2  3  4  5  6 |
---------------+-------------------+-----
Unarmed Combat | 3 4 5 6 |  6.0
Shields        | 3 4 |  4.0
Fighting       | |  2.4
Dodging        | |  2.4

Action                   |  1- 3 |  4- 6 || total
-------------------------+-------+-------++-------
Melee: Unarmed           |    81 |   120 ||   201
  Use: Scroll            |       |     6 ||     6
 Stab: Sleeping          |     1 |       ||     1
Armor: Robe              |    24 |    40 ||    64
Dodge: Dodged            |    19 |    38 ||    57
Block: Kite shield       |    35 |    47 ||    82
